 Dungeon Crawl Stone Soup version 0.30-a0-840-ga523dec638 (webtiles) character file.

Game seed: 6059368720023079530

1235 jimonade the Poker (level 8, -1/60 HPs)
             Began as a Mummy Gladiator on Mar 1, 2023.
             Slain by an orc warrior
             ... wielding a +0 morningstar
              (13 damage)
             ... on level 6 of the Dungeon.
             The game lasted 00:09:43 (4337 turns).

jimonade the Poker (Mummy Gladiator)                Turns: 4337, Time: 00:09:43

Health: -1/60      AC:  7    Str: 17    XL:     8   Next: 24%
Magic:  8/8        EV: 12    Int:  9    God:
Gold:   239        SH:  0    Dex: 14    Spells: 7/7 levels left

rFire   x . .      SeeInvis .    a - +1 spear (heavy)
rCold   + . .      Faith    +    (no shield)
rNeg    + + +      Spirit   .    j - +0 ring mail {rPois}
rPois   ∞          Reflect  .    c - +0 helmet
rElec   .          Harm     .    (no cloak)
rCorr   .          Rampage  .    (no gloves)
Will    ++...                    (no boots)
Stlth   +                        n - amulet of the acrobat
HPRegen 0.30/turn                g - ring of willpower
MPRegen 0.11/turn                (no ring)

@: no status effects
A: cold resistance 1, negative energy resistance 3, torment resistance 2, heat
vulnerability 1, in touch with death 1, no potions, faith
a: no special abilities


You were on level 6 of the Dungeon.
You visited 1 branch of the dungeon, and saw 6 of its levels.

You collected 239 gold pieces.

Inventory:

Hand Weapons
 a - a +1 heavy spear (weapon)
 b - a +3 battleaxe of freezing
 m - a +0 halberd
 r - a +0 sling
 y - a +0 trident
Missiles
 d - 3 throwing nets (quivered)
 e - a javelin
 v - 4 poisoned darts
Armour
 c - a +0 helmet (worn)
 j - a +0 ring mail of poison resistance (worn)
 k - a +0 leather armour
Magical Staves
 t - a staff of fire
Jewellery
 g - a ring of willpower (left hand)
 n - an amulet of the acrobat (around neck)
 p - a ring of resist corrosion
 u - a ring of flight
 w - a +6 ring of strength
Scrolls
 f - a scroll of amnesia {unknown}
 h - 2 scrolls of teleportation {unknown}
 i - a scroll of fog {unknown}
 l - a scroll of brand weapon {unknown}
 o - a scroll of poison {unknown}
 q - a scroll of magic mapping {unknown}
 s - a scroll of identify {unknown}
 x - a scroll of enchant armour {unknown}


   Skills:
 + Level 3.6 Fighting
 + Level 6.0 Polearms
 + Level 1.6 Throwing
 + Level 4.0 Armour
 + Level 4.0 Dodging
 + Level 1.1 Stealth


You had 7 spell levels left.
You didn't know any spells.
Your spell library contained the following spells:

 Spells                   Type           Power      Damage    Failure   Level
 Ensorcelled Hibernation  Hex/Ice        0%         N/A       71%         2
 Anguish                  Hex/Necr       0%         N/A       100%        4
 Spider Form              Tmut/Pois      Unusable   N/A       N/A         3

Dungeon Overview and Level Annotations

Branches:
Dungeon (7/15)
 Temple: D:4-7

Altars:
Okawaru
Sif Muna

Shops:
D:2 *[   D:6 [


Innate Abilities, Weirdness & Mutations

You are immune to poison.
Your flesh is cold resistant. (rC+)
You are immune to negative energy. (rN+++)
You are immune to unholy pain and torment.
You are vulnerable to heat. (rF-)
You are in touch with the powers of death.
You do not drink.
You have a special connection with the divine. (Faith)


Message History

The orc warrior shouts!
The orc shouts! x2
You reach to attack!
You puncture the orc!
You kill the orc!
You reach to attack!
You hit the orc.
The orc is severely wounded.
The orc barely misses you.
You hit the orc.
The orc is almost dead.
You hit the orc warrior.
The orc warrior is moderately wounded.
You barely miss the orc warrior.
The orc warrior is moderately wounded.
The orc warrior hits you with a +0 morningstar!
You hit the orc warrior but do no damage.
The orc warrior is moderately wounded.
The orc warrior hits you with a +0 morningstar!
You puncture the orc warrior!
The orc warrior is heavily wounded.
The orc warrior hits you with a +0 morningstar!
The orc warrior barely misses you.
You are too injured to fight recklessly!
You are too injured to fight recklessly!
You barely miss the orc warrior.
The orc warrior is heavily wounded.
The orc warrior closely misses you.
You closely miss the orc warrior.
The orc warrior is heavily wounded.
The orc warrior misses you.
You hit the orc warrior but do no damage.
The orc warrior is heavily wounded.
The orc warrior hits you with a +0 morningstar!
* * * LOW HITPOINT WARNING * * *
You hit the orc warrior.
The orc warrior is severely wounded.
The orc warrior closely misses you.
You hit the orc warrior but do no damage.
The orc warrior is severely wounded.
The orc warrior barely misses you.
The orc warrior hits you with a +0 morningstar!
You die...

+.........+
......o.. .......
..o.. .). #######'#
#.......##
#.#####oo##
...#.#@##
#....#.######.#
#.............#
#.####...#.########
#.......#.##
#######..## #.##
#.# #.#


You could see an orc warrior and an orc.

Vanquished Creatures
  Prince Ribbit (D:6)
  3 black bears (D:6)
  2 ice beasts (D:6)
  2 bullfrogs (D:7)
  5 wights (D:6)
  A jelly (D:6)
  A hound (D:6)
  2 adders
  4 gnolls
  A white imp (D:6)
  3 worms (D:2)
  3 dart slugs
  5 orcs
  5 bats
  8 endoplasms
  2 giant cockroaches
  6 goblins
  6 hobgoblins
  3 quokkas
  4 ball pythons
  4 frilled lizards
  3 kobolds
  A kobold skeleton (D:4)
  4 rats
79 creatures vanquished.

Notes
Turn   | Place    | Note
-------+----------+-------------------------------------------
     0 | D:1      | jimonade the Mummy Gladiator began the quest for the Orb.
     0 | D:1      | Reached XP level 1. HP: 16/16 MP: 1/1
   197 | D:1      | Reached XP level 2. HP: 22/22 MP: 2/2
   801 | D:2      | Reached skill level 3 in Polearms
   807 | D:2      | Gained mutation: You are in touch with the powers of death.
                  | [Mummy growth]
   807 | D:2      | Reached XP level 3. HP: 22/27 MP: 3/3
   868 | D:2      | Found Emab's Antique Armour Emporium.
  1378 | D:2      | Reached skill level 1 in Armour
  1378 | D:2      | Reached XP level 4. HP: 29/33 MP: 4/4
  1639 | D:2      | Found Riyxkur's Assorted Antiques.
  1882 | D:2      | Found a shimmering blue altar of Sif Muna.
  2107 | D:3      | Found an iron altar of Okawaru.
  2800 | D:4      | You fall into a shaft and drop 3 floors!
  2807 | D:7      | Noticed a bullfrog
  2817 | D:7      | Killed a bullfrog
  2818 | D:7      | Reached XP level 5. HP: 30/39 MP: 5/5
  2924 | D:6      | Reached skill level 4 in Polearms
  3131 | D:6      | Noticed a black bear
  3147 | D:6      | Killed a black bear
  3148 | D:6      | Reached XP level 6. HP: 10/46 MP: 6/6
  3177 | D:6      | Noticed an ice beast
  3329 | D:6      | Killed an ice beast
  3330 | D:6      | Reached skill level 1 in Stealth
  3384 | D:6      | Found Wypt's Armour Boutique.
  3386 | D:6      | Noticed Prince Ribbit
  3405 | D:6      | Reached XP level 7. HP: 52/52 MP: 7/7
  3530 | D:6      | Killed Prince Ribbit
  3531 | D:6      | Reached skill level 5 in Polearms
  3916 | D:6      | Reached XP level 8. HP: 44/60 MP: 8/8
  4220 | D:6      | Reached skill level 6 in Polearms
  4337 | D:6      | Slain by an orc warrior

Illustrated notes

Levels and vault maps discovered:
D:1:      shiori_arrival_maze, layout_loops_cross, serial_bayou_crossing
D:2:      layout_basic, serial_shops, nicolae_shop_waterfront, shop,
          basic_altar, minmay_misc_feat_enclosed
D:3:      layout_loops_ring, okawaru_metal_pillars_3
D:4:      gammafunk_cloud_chamber, layout_loops_ring,
          nicolae_tso_besieged_by_evil, nicolae_shop_i_like_big_books,
          dreamdust_princess_corridor, minivault_14, uniq_crazy_yiuf_cottage,
          uniq_pikel
D:6:      layout_loops_corners, serial_shops,
          nicolae_shop_temple_entry_statues_fountains, uniq_prince_ribbit1,
          uniq_sigmund, uniq_edmund
D:7:      layout_basic, mainiacjoe_overflow_alcove_1,
          nzn_hepliaklqana_mist_gate, nicolae_gozag_seed_capital,
          minmay_temple_entry_slanted, uniq_duvessa, uniq_menkaure

Skill      XL: |  1  2  3  4  5  6  7  8 |
---------------+-------------------------+-----
Polearms       | 3 4 5 6 |  6.0
Armour         | 1 2 3 4 |  4.0
Dodging        | 3 4 |  4.0
Fighting       | 3 |  3.6
Stealth        | 1 |  1.1
Throwing       | |  1.6

Action                     |  1- 3 |  4- 6 |  7- 9 || total
---------------------------+-------+-------+-------++-------
  Melee: Trident           |   112 |       |       ||   112
         Spear             |    21 |   118 |    78 ||   217
   Stab: Sleeping          |     3 |       |       ||     3
 Armour: Leather armour    |    24 |       |       ||    24
         Ring mail         |    11 |    38 |    16 ||    65
  Dodge: Dodged            |    69 |    77 |    55 ||   201

Table legend: (Time is in decaauts)
 A = Elapsed time spent in this place.
 B = Non-inter-level travel time spent in this place.
 C = Inter-level travel time spent in this place.
 D = Time resting spent in this place.
 E = Time spent auto-exploring this place.
 F = Levels seen in this place.
 G = Mean time per level.
                   A        B        C        D        E       F      G
               +--------+--------+--------+--------+--------+-----+--------+
         Total |   4430 |   4373 |     57 |    960 |   2345 |   6 |  738.3 |
       Dungeon |   4430 |   4373 |     57 |    960 |   2345 |   6 |  738.3 |
               +--------+--------+--------+--------+--------+-----+--------+

Top non-repeatable levels by time:
     D:6: 1261 daAuts
     D:2: 1099 daAuts
     D:1: 1046 daAuts
     D:3: 708 daAuts
     D:7: 309 daAuts
     D:4: 5 daAuts
